 Dungeon Crawl Stone Soup version 0.17.0-73-gb648821 (console) character file.

223 Kloppie the Conjurer (level 5, 0/31 HPs)
             Began as a High Elf Conjurer on Dec 9, 2015.
             Slain by a yak (12 damage)
             ... on level 7 of the Dungeon.
             The game lasted 00:19:59 (4184 turns).

Kloppie the Conjurer (High Elf Conjurer)            Turns: 4184, Time: 00:19:59

Health: 0/31       AC:  8    Str:  7    XL:     5   Next: 66%
Magic:  5/12       EV: 14    Int: 19    God:
Gold:   200        SH:  0    Dex: 16    Spells: 3 memorised, 5 levels left

rFire  . . .     SeeInvis .     (no weapon)
rCold  . . .     Clarity  .     a - +0 robe
rNeg   . . .     SustAt   .     (no shield)
rPois  .         Gourm    .     w - +2 hat
rElec  .         Spirit   .     s - +0 cloak
rCorr  .         Warding  .     x - +2 pair of gloves
rMut   .         Stasis   .     (no boots)
MR     .....                    (no amulet)
Stlth  ++........               (no ring)
                                (no ring)

@: not resistant to hostile enchantments, unstealthy
A: no striking features
a: no special abilities


You were on level 7 of the Dungeon.
You were not hungry.

You visited 1 branch of the dungeon, and saw 5 of its levels.

You collected 200 gold pieces.

Inventory:

Hand Weapons
 o - a +0 spear
Armour
 a - a +0 robe (worn)
 s - a +0 cloak (worn)
 w - a +2 hat (worn)
 x - a +2 pair of gloves (worn)
Jewellery
 r - a cursed ring of loudness {unknown}
Wands
 n - a wand of polymorph (18)
Scrolls
 e - a scroll of immolation {unknown}
 f - 2 scrolls of identify {unknown}
 h - a scroll of blinking {unknown}
 i - a scroll of amnesia {unknown}
 k - 2 scrolls of remove curse {unknown}
 l - a scroll of fog {unknown}
 m - a scroll of noise {unknown}
 p - 2 scrolls of enchant weapon {unknown}
 q - 2 scrolls of random uselessness {unknown}
Potions
 d - a potion of haste {unknown}
 g - 2 potions of brilliance {unknown}
 j - a potion of magic {unknown}
 t - a potion of heal wounds {unknown}
 v - 2 potions of degeneration {unknown}
 z - a potion of agility {unknown}
Books
 b - a book of Conjurations

   Spells                             Type                      Level
   a - Magic Dart                     Conjuration                  1
   b - Searing Ray                    Conjuration                  2
   c - Dazzling Spray                 Conjuration/Hexes            3
   d - Fulminant Prism                Conjuration/Hexes            4
   e - Iskenderun's Mystic Blast      Conjuration                  4
   f - Iskenderun's Battlesphere      Conjuration/Charms           5
Comestibles
 c - 2 bread rations
 u - 2 chunks of flesh


   Skills:
 - Level 3.8 Dodging
 - Level 3.4 Stealth
 + Level 4.1 Spellcasting
 + Level 5.4 Conjurations


You had 5 spell levels left.
You knew the following spells:

 Your Spells              Type           Power        Failure   Level  Hunger
a - Magic Dart            Conj           ###.         1%          1    None
b - Searing Ray           Conj           ###...       1%          2    ##.....
c - Iskenderun's Mystic   Conj           ###.....     14%         4    ####...


Dungeon Overview and Level Annotations

Branches:
Dungeon (7/15)
 Temple: D:4-7

Altars:
Dithmenos
Gozag
Okawaru
Ru
The Shining One


Message History

The yak closely misses you.
The yak moves out of view.
The yak completely misses you. The yak closely misses you.
The yak completely misses you.
Casting: Magic Dart
Confirm with . or Enter, or press ? or * to list all spells.
Aiming: Searing Ray
Press: ? - help, Shift-Dir - straight line, f - yak
Aim: a yak The searing ray misses the yak.
The yak misses you. The yak barely misses you.
The searing ray hits the yak.
The yak is lightly wounded.
The yak gores you. The yak gores you!
* * * LOW HITPOINT WARNING * * *
The searing ray hits the yak.
The yak is lightly wounded.
The yak gores you but does no damage. The yak closely misses you.
The searing ray hits the yak.
The yak is heavily wounded.
The yak barely misses you. The yak gores you!
You die...

#.# ##
#..## ..
##.#.....
.#...#.
...?. ...
#.# #Y###
#YY@#
#Y#Y#
..Y#.#
#####.#
#.# #.#
#.# #.#


You could see 5 yaks.

Vanquished Creatures
  An iguana (D:4)
  2 orc wizards (D:4)
  5 adders
  A worm (D:2)
  2 giant geckos (D:2)
  8 orcs (D:4)
  A ball python (D:3)
  13 bats
  3 giant cockroaches
  10 goblins
  10 hobgoblins
  A quokka (D:4)
  6 giant newts
  8 kobolds
  5 rats
76 creatures vanquished.

Notes
Turn   | Place    | Note
--------------------------------------------------------------
     0 | D:1      | Kloppie the High Elf Conjurer began the quest for the Orb.
     0 | D:1      | Reached XP level 1. HP: 11/11 MP: 4/4
   303 | D:1      | Reached XP level 2. HP: 17/17 MP: 1/6
   353 | D:1      | Learned a level 2 spell: Searing Ray
   684 | D:1      | Found a glowing golden altar of the Shining One.
  1289 | D:2      | Reached XP level 3. HP: 21/21 MP: 6/8
  1821 | D:2      | Found a sacrificial altar of Ru.
  1821 | D:2      | Found a shadowy altar of Dithmenos.
  2071 | D:2      | Reached XP level 4. HP: 27/27 MP: 7/9
  2077 | D:2      | Learned a level 4 spell: Iskenderun's Mystic Blast
  2139 | D:2      | Found an opulent altar of Gozag.
  2732 | D:3      | Reached skill level 5 in Conjurations
  3489 | D:4      | Reached XP level 5. HP: 14/31 MP: 1/11
  3785 | D:4      | Found an iron altar of Okawaru.
  4178 | D:4      | You fall through a shaft for 3 floors!
  4178 | D:7      | Noticed a yak
  4178 | D:7      | Noticed a yak
  4178 | D:7      | Noticed a yak
  4178 | D:7      | Noticed a yak
  4178 | D:7      | Noticed a yak
  4178 | D:7      | Noticed a yak
  4184 | D:7      | Slain by a yak

Action                   |  1- 3 |  4- 6 || total
-------------------------+-------+-------++-------
Melee: Unarmed           |    12 |       ||    12
 Cast: Magic Dart        |    76 |    85 ||   161
       Searing Ray       |     1 |     3 ||     4
 Stab: Sleeping          |     1 |       ||     1
  Eat: Chunk             |     3 |     7 ||    10
